 Dungeon Crawl Stone Soup version 0.19.4-8-ga85b6b9 (webtiles) character file.

58 pps the Covered (level 4, 0/35 HPs)
             Began as a Human Fighter on Feb 13, 2017.
             Slain by Sigmund
             ... wielding a +1 scythe of flaming
              (3 damage)
             ... on level 3 of the Dungeon.
             The game lasted 00:15:30 (1908 turns).

pps the Covered (Human Fighter)                     Turns: 1908, Time: 00:15:31

Health: 0/35       AC:  7    Str: 16    XL:     4   Next: 21%
Magic:  4/4        EV:  7    Int:  9    God:
Gold:   84         SH:  9    Dex: 13    Spells: 0 memorised, 3 levels left

rFire  . . .     SeeInvis .     a - +0 long sword
rCold  . . .     Gourm    .     b - +0 scale mail
rNeg   . . .     Faith    .     c - +0 shield
rPois  .         Spirit   .     (no helmet)
rElec  .         Reflect  .     (no cloak)
rCorr  .         Harm     .     (no gloves)
MR     .....                    (no boots)
Stlth  ..........               (no amulet)
                                (no ring)
                                (no ring)

@: no status effects
A: no striking features
a: no special abilities


You were on level 3 of the Dungeon.
You were very hungry.

You visited 1 branch of the dungeon, and saw 3 of its levels.

You collected 84 gold pieces.

Inventory:

Hand Weapons
 a - a +0 long sword (weapon)
 g - a +0 dagger
 i - a +0 dagger
 k - a +0 whip
 p - a +0 dagger
Missiles
 j - 23 arrows
Armour
 b - a +0 scale mail (worn)
 c - a +0 shield (worn)
Scrolls
 e - 3 scrolls of amnesia {unknown}
 h - 3 scrolls of identify {unknown}
 q - a scroll of enchant armour {unknown}
 r - a scroll of recharging {unknown}
 t - a scroll of noise {unknown}
Potions
 d - a potion of might
 m - a potion of brilliance {unknown}
 o - a potion of magic {unknown}
Comestibles
 f - 3 bread rations
 l - a meat ration
 n - a royal jelly


   Skills:
 + Level 3.2 Fighting
 + Level 3.1 Long Blades
 + Level 3.7 Armour
 + Level 0.2 Dodging
 + Level 3.1 Shields


You had 3 spell levels left.
You didn't know any spells.

Dungeon Overview and Level Annotations

Branches:
Dungeon (3/15)

Altars:
Elyvilon

Annotations:
D:3 Sigmund


Message History

The hound is heavily wounded.
The hound bites you but does no damage.
Sigmund hits you from afar with a scythe of flaming.
Sigmund burns you. The hound bites you but does no damage.
You miss the hound.
The hound is heavily wounded.
You block the hound's attack. The hound bites you but does no damage.
You block Sigmund's attack.
Your shield and scale mail prevent you from hitting the hound.
The hound is heavily wounded.
The hound bites you but does no damage. You block the hound's attack.
Sigmund hits you from afar with a scythe of flaming!
* * * LOW HITPOINT WARNING * * *
Sigmund burns you.
* * * LOW HITPOINT WARNING * * *
You hit the hound.
The hound is severely wounded.
The hound bites you but does no damage. You block the hound's attack.
Sigmund hits you from afar with a scythe of flaming.
You die...

.....≈≈≈≈≈.....≈≈≈≈≈..##
.....≈≈_≈≈.....≈≈♣≈≈...#
.....≈≈≈≈≈.....≈≈≈≈≈....
..♣...≈≈≈...♣...≈≈≈...#
.♣♣♣.......♣♣♣.......###
♣♣ ♣♣.....♣♣ ♣♣.........
♣ ♣♣♣.♣♣♣ ♣♣@#...##. ♣♣♣
#h#...# #@# ..# #.# ..#
#.# .# #.# ## #.# #.#
#.# #.# # .


You could see Sigmund and a hound.

Vanquished Creatures
  2 worms (D:2)
  A dart slug (D:2)
  A leopard gecko (D:2)
  An orc (D:3)
  3 bats
  3 giant cockroaches
  3 goblins
  3 hobgoblins
  7 jackals (D:1)
  10 kobolds
  A quokka (D:3)
  A frilled lizard (D:2)
  9 rats
45 creatures vanquished.

Notes
Turn   | Place    | Note
-------+----------+-------------------------------------------
     0 | D:1      | pps the Human Fighter began the quest for the Orb.
     0 | D:1      | Reached XP level 1. HP: 18/18 MP: 1/1
    49 | D:1      | Reached XP level 2. HP: 17/24 MP: 2/2
   401 | D:1      | Reached XP level 3. HP: 27/29 MP: 3/3
  1356 | D:2      | Reached XP level 4. HP: 29/35 MP: 4/4
  1614 | D:2      | Paralysed by fainting for 12 turns
  1638 | D:2      | Paralysed by fainting for 11 turns
  1882 | D:3      | Found a white marble altar of Elyvilon.
  1893 | D:3      | Noticed Sigmund
  1908 | D:3      | Slain by Sigmund

Skill      XL: |  1  2  3 |
---------------+----------+-----
Long Blades    | 3 |  3.1
Fighting       | |  3.2
Armour         | |  3.7
Dodging        | |  0.2
Shields        | |  3.1

Action                   |  1- 3 |  4- 6 || total
-------------------------+-------+-------++-------
Melee: Long sword        |   146 |    39 ||   185
  Eat: Fruit             |       |     1 ||     1
       Pizza             |       |     1 ||     1
Armor: Scale mail        |    61 |    21 ||    82
Dodge: Dodged            |    36 |    12 ||    48
Block: Shield            |    73 |    29 ||   102
       Rpst.: Long sword |     8 |     6 ||    14
